Map: Bridgehead LE (Void)

Players

XenZ - Winner!

  • Race: Terran Terran
  • League: Silver

Vice - Winner!

  • Race: Terran Terran
  • League: Silver

MoonLjth

  • Race: Protoss Protoss
  • League: Platinum

iQuitBYE

  • Race: Protoss Protoss
  • League: Grandmaster

VOD

Have the link to the VOD?

Description

Time

  • Played on: Oct. 2, 2015, 7:48 p.m.
  • Length: 10:50
Show
View Real Time Build Order
Export as new Build Order

XenZ Terran - Winner!

Build Orders: MMM Bio 

Get SALT Encoding   

  12  0:00  SCV  
  13  0:13  SCV  
  14  0:18  Supply Depot  
  14  0:25  SCV  
  15  0:40  SCV  
  16  0:44  Barracks  
  16  0:52  SCV  
  16  0:55  Refinery  
  17  1:04  SCV  
  17  1:07  Barracks  
  18  1:16  SCV  
  19  1:30  Marine, Orbital Command  
  20  1:34  Supply Depot  
  20  2:01  Command Center  
  20  2:04  Barracks Tech Lab  
  21  2:08  SCV  
  21  2:11  Barracks Tech Lab  
  21  2:17  Refinery  
  21  2:20  SCV  
  22  2:33  Factory  
  22  2:34  SCV  
  23  2:41  Marine x2  
  25  2:47  SCV  
  25  2:50  Stimpack  
  26  2:56  Supply Depot  
  26  2:59  Marine  
  27  3:07  Marine  
  28  3:13  SCV  
  28  3:15  Orbital Command  
  28  3:23  Combat Shields  
  28  3:28  SCV  
  28  3:34  Starport  
  29  3:40  SCV  
  30  3:42  SCV  
  30  3:45  Marauder  
  33  3:53  SCV  
  34  3:55  Supply Depot  
  34  3:58  SCV  
  34  4:01  Marauder  
  36  4:04  Factory Tech Lab  
  36  4:07  SCV  
  37  4:16  Medivac  
  40  4:19  Barracks  
  40  4:20  SCV  
  40  4:22  SCV  
  42  4:24  Marine  
  42  4:26  Marauder  
  44  4:32  SCV  
  44  4:34  SCV  
  46  4:40  Barracks  
  46  4:44  SCV  
  46  4:45  Siege Tank  
  50  4:47  Starport Reactor  
  50  4:49  Marauder  
  50  4:51  SCV  
  53  4:55  Marauder  
  53  4:58  Refinery  
  53  4:59  SCV  
  56  5:03  Refinery  
  56  5:04  Concussive Shells  
  56  5:05  SCV  
  57  5:14  SCV  
  57  5:16  Barracks Reactor  
  57  5:19  Marauder  
  57  5:21  Marine  
  60  5:26  SCV  
  62  5:28  Supply Depot  
  62  5:31  Supply Depot  
  62  5:41  Engineering Bay  
  62  5:43  Engineering Bay  
  62  5:45  SCV  
  62  5:48  SCV  
  62  5:50  Medivac, Marine  
  66  5:57  SCV  
  66  6:00  SCV, Marine x2  
  66  6:02  Siege Tank  
  66  6:03  Barracks Reactor  
  72  6:10  SCV  
  72  6:11  Terran Infantry Weapons Level 1  
  73  6:12  SCV, Marine, Supply Depot  
  73  6:13  Marine  
  73  6:15  Terran Infantry Armor Level 1  
  76  6:21  Missile Turret  
  76  6:24  Missile Turret  
  76  6:25  SCV  
  77  6:33  Medivac x2  
  77  6:35  Supply Depot  
  81  6:40  Marine x2  
  81  6:41  Marine  
  81  6:42  Supply Depot, Marine  
  85  6:54  Missile Turret  
  85  6:57  Marauder  
  85  6:58  SCV, Missile Turret  
  88  7:10  Command Center  
  88  7:11  Siege Tank  
  88  7:13  Marine x2  
  88  7:14  Marine  
  94  7:16  Medivac  
  94  7:20  Medivac  
  98  7:23  Marauder  
  98  7:26  Marauder  
  102  7:33  Supply Depot  
  102  7:45  Supply Depot  
  102  7:46  Supply Depot  
  102  7:50  Armory  
  102  7:54  Marine x4  
  102  7:55  Siege Tank  
  109  8:03  Marine  
  110  8:06  Medivac, Marine  
  110  8:12  Marine x4  
  113  8:17  Supply Depot  
  113  8:19  Barracks  
  112  8:27  Siege Tank  
  112  8:33  Marine x3  
  112  8:34  Marine  
  118  8:35  Medivac  
  118  8:36  Medivac  
  123  8:50  Marauder x2  
  123  8:53  SCV  
  123  8:55  Marine x4  
  132  9:11  Marine  
  132  9:13  Marine x4  
  137  9:20  Orbital Command  
  137  9:21  SCV x2  
  135  9:33  SCV, Marine x3  
  135  9:34  SCV, Marine  
  136  9:39  Marauder  
  136  9:40  Barracks Tech Lab  
  137  9:46  SCV  
  137  9:47  Supply Depot, Marine  
  137  9:51  Marine x2  
  141  9:54  Factory  
  141  9:57  Siege Tank  
  141  10:03  Marine x2, Medivac x2  
  142  10:09  SCV x2  
  142  10:11  Refinery  
  142  10:12  Refinery, Marine x2  
  144  10:15  SCV  
  144  10:23  SCV, Marine  
  144  10:24  Marine  
  144  10:27  Command Center  
Show
View Real Time Build Order
Export as new Build Order

Vice Terran - Winner!

Build Orders:  

Get SALT Encoding   

  12  0:01  Probe (Chrono Boost)  
  13  0:13  Pylon  
  13  0:19  Probe (Chrono Boost)  
  14  0:29  Probe (Chrono Boost)  
  14  0:34  Gateway  
  15  0:40  Assimilator  
  15  0:44  Probe (Chrono Boost)  
  16  0:55  Probe (Chrono Boost)  
  17  1:07  Probe (Chrono Boost)  
  18  1:20  Nexus  
  18  1:30  Cybernetics Core  
  18  1:33  Probe (Chrono Boost)  
  19  1:41  Pylon  
  19  1:44  Probe (Chrono Boost)  
  20  1:49  Assimilator  
  20  1:54  Probe (Chrono Boost)  
  21  2:07  Mothership Core (Chrono Boost)  
  23  2:15  Warp Gate  
  23  2:22  Stalker  
  23  2:27  Probe (Chrono Boost)  
  26  2:33  Probe (Chrono Boost)  
  27  2:38  Probe (Chrono Boost)  
  27  2:43  Probe (Chrono Boost)  
  29  2:45  Twilight Council  
  29  2:48  Probe (Chrono Boost)  
  30  2:52  Stalker  
  30  2:54  Probe (Chrono Boost)  
  33  2:59  Probe (Chrono Boost)  
  34  3:06  Pylon, Blink  
  34  3:07  Probe (Chrono Boost)  
  34  3:09  Probe (Chrono Boost)  
  36  3:17  Probe (Chrono Boost)  
  37  3:21  Probe (Chrono Boost)  
  38  3:28  Probe (Chrono Boost)  
  38  3:32  Assimilator  
  38  3:33  Probe (Chrono Boost)  
  40  3:38  Probe (Chrono Boost)  
  40  3:40  Pylon  
  41  3:45  Probe (Chrono Boost)  
  42  3:49  Probe (Chrono Boost)  
  42  3:52  Robotics Facility  
  43  3:57  Probe (Chrono Boost)  
  43  4:00  Probe (Chrono Boost)  
  46  4:10  Probe x2 (Chrono Boost)  
  47  4:17  Gateway  
  47  4:21  Probe (Chrono Boost), Gateway  
  47  4:22  Probe (Chrono Boost)  
  49  4:24  Assimilator  
  49  4:25  Pylon  
  50  4:31  Probe (Chrono Boost)  
  50  4:34  Probe (Chrono Boost)  
  50  4:38  Pylon  
  51  4:39  Observer  
  51  4:42  Probe (Chrono Boost)  
  54  4:46  Probe (Chrono Boost)  
  54  4:52  Probe (Chrono Boost), Forge  
  55  4:55  Stalker, Forge  
  55  4:58  Probe (Chrono Boost)  
  55  4:59  Pylon  
  58  5:01  Observer  
  58  5:03  Probe (Chrono Boost)  
  60  5:08  Probe (Chrono Boost)  
  60  5:13  Probe (Chrono Boost)  
  60  5:14  Protoss Ground Weapons Level 1, Protoss Ground Armor Level 1  
  62  5:16  Robotics Bay  
  62  5:18  Stalker x2  
  62  5:19  Stalker  
  68  5:24  Probe (Chrono Boost)  
  63  5:47  Stalker  
  63  5:48  Stalker  
  64  5:50  Probe (Chrono Boost)  
  64  5:54  Probe (Chrono Boost)  
  64  5:56  Photon Cannon  
  63  6:00  Immortal  
  63  6:02  Probe (Chrono Boost)  
  69  6:11  Probe (Chrono Boost)  
  69  6:18  Nexus  
  69  6:22  Pylon  
  69  6:30  Pylon  
  69  6:32  Zealot x2  
  73  6:38  Pylon  
  73  6:39  Probe (Chrono Boost)  
  74  6:44  Probe (Chrono Boost)  
  75  6:51  Stalker  
  75  6:53  Immortal  
  81  6:57  Probe (Chrono Boost)  
  83  7:03  Probe (Chrono Boost)  
  83  7:11  Probe (Chrono Boost)  
  83  7:15  Gateway  
  84  7:17  Adept  
  84  7:18  Adept  
  84  7:19  Pylon  
  84  7:20  Zealot  
  84  7:22  Protoss Ground Weapons Level 2  
  90  7:29  Pylon  
  90  7:33  Probe x2 (Chrono Boost)  
  90  7:35  Probe (Chrono Boost)  
  93  7:41  Protoss Ground Armor Level 2  
  94  7:45  Probe (Chrono Boost)  
  94  7:46  Charge  
  96  7:51  Probe (Chrono Boost)  
  96  7:52  Probe (Chrono Boost)  
  96  7:57  Probe (Chrono Boost)  
  97  8:01  Gateway  
  97  8:04  Templar Archives  
  97  8:05  Probe (Chrono Boost)  
  98  8:15  Stalker x2  
  98  8:19  Stalker  
  98  8:25  Stalker  
  88  8:31  Immortal  
  85  8:39  Stalker x2  
  84  8:44  Stalker  
  84  9:00  Stalker x2  
  88  9:04  Nexus  
  88  9:09  High Templar  
  86  9:10  High Templar x2  
  86  9:12  Archon  
  88  9:24  Stalker x2  
  74  9:43  Immortal  
  74  9:44  Zealot x3  
  82  9:51  Mothership Core (Chrono Boost)  
  84  9:54  Zealot  
  84  9:55  Zealot  
  86  10:05  Zealot x2  
  86  10:06  Zealot  
  79  10:16  Zealot  
  79  10:17  Zealot  
  81  10:27  Zealot x2  
  83  10:39  Pylon  
  83  10:42  Pylon x2  
  83  10:47  Zealot x3  
  83  10:48  Zealot  
Show
View Real Time Build Order
Export as new Build Order

MoonLjth Protoss 

Build Orders:  

Get SALT Encoding   

Show
View Real Time Build Order
Export as new Build Order

iQuitBYE Protoss 

Build Orders:  

Get SALT Encoding   

Tags
 
Add a new tag
Caveats
  • Supply blocks, unpowered buildings, or Contaminate may cause inaccurate times.
  • Supply counts are checked every 10 seconds.